 Dungeon Crawl Stone Soup version 0.23.0-28-g6fe0f4dc8b (webtiles) character file.

Game seed: 16769232337068793107

89 FabianW the Conjurer (level 4, -5/24 HPs)
             Began as a Deep Elf Conjurer on Feb 25, 2019.
             Killed from afar by Sigmund (8 damage)
             ... with a puff of flame
             ... on level 2 of the Dungeon.
             The game lasted 00:13:47 (1832 turns).

FabianW the Conjurer (Deep Elf Conjurer)            Turns: 1832, Time: 00:13:48

Health: -5/24      AC:  3    Str:  5    XL:     4   Next: 31%
Magic:  1/26       EV: 13    Int: 21    God:
Gold:   59         SH:  0    Dex: 15    Spells: 0/10 levels left

rFire    . . .     SeeInvis .   h - staff of power
rCold    . . .     Gourm    .   (no shield)
rNeg     . . .     Faith    .   a - +0 robe
rPois    .         Spirit   .   b - +0 helmet (curse)
rElec    .         Reflect  .   (no cloak)
rCorr    .         Harm     .   (no gloves)
MR       .....                  (no boots)
Stlth    +.........             (no amulet)
HPRegen  0.08/turn              (no ring)
MPRegen  0.20/turn              (no ring)

@: confused
A: no striking features
a: no special abilities


You were on level 2 of the Dungeon.
You were very hungry.

You visited 1 branch of the dungeon, and saw 2 of its levels.

You collected 59 gold pieces.

Inventory:

Hand Weapons
 e - a +0 whip
 g - a +0 dagger
Armour
 a - a +0 robe (worn)
 b - a cursed +0 helmet (worn)
 f - a +0 robe
Magical Staves
 h - an uncursed staff of power (weapon)
Comestibles
 c - 2 rations


   Skills:
 + Level 2.6 Dodging
 + Level 2.8 Stealth
 + Level 3.8 Spellcasting
 + Level 5.9 Conjurations


You couldn't memorise any spells.
You knew the following spells:

 Your Spells              Type           Power        Failure   Level  Hunger
a - Magic Dart            Conj           ####         1%          1    None
b - Searing Ray           Conj           ####..       1%          2    ##.....
c - Dazzling Spray        Conj/Hex       ###...       11%         3    ###....
d - Iskenderun's Mystic   Conj           ####....     11%         4    ####...

Your spell library contained the following spells:

 Spells                   Type           Power        Failure   Level  Hunger
 Force Lance              Conj/Tloc      ###.....     36%         4    ####...
 Fulminant Prism          Conj/Hex       ###.......   36%         4    ####...


Dungeon Overview and Level Annotations

Branches:
Dungeon (2/15)

Altars:

Annotations:
D:2 Sigmund


Message History

The spray of energy hits Sigmund.
Sigmund is severely wounded.
Sigmund is no longer blind.
Sigmund barely misses you.
Casting: Dazzling Spray (safe; 11% risk of failure)
Confirm with . or Enter, or press ? or * to list all spells.
You don't have enough magic to cast that spell.
Sigmund points at you and mumbles some strange words.
You are confused.
Sigmund barely misses you.
You're too confused to cast spells.
Sorry, you're not good enough to have a special ability.
Sigmund misses you.
You bump into the rock wall.
Your magical contamination has completely faded away.
You bump into the rock wall.
Sigmund barely misses you.
You bump into the rock wall.
You are feeling very hungry.
Sigmund points at you and mumbles some strange words.
The puff of flame hits you!
You die...

#. .# #$ #.# ##. #.#
(. #.# #. #.#
####†########.######
#....@.........†....
#>?..(@.....[.#####
#.# #.(.#
.#############..#
#.# +...+ .# #..##
#.# #...# .# #...#
#.# #...# .# #.#.#
#.# #...# .##
######.#.# #.#
#...####..#
#......#.#####.#
##........#
##..............
.(......<#
#######..####.#


You could see Sigmund.

Vanquished Creatures
  5 adders (D:2)
  2 oozes
  6 bats
  4 giant cockroaches (D:1)
  5 goblins
  3 hobgoblins
  5 kobolds
  3 frilled lizards
  3 rats (D:2)
36 creatures vanquished.

Notes
Turn   | Place    | Note
-------+----------+-------------------------------------------
     0 | D:1      | FabianW the Deep Elf Conjurer began the quest for the Orb.
     0 | D:1      | Reached XP level 1. HP: 10/10 MP: 6/6
   160 | D:1      | You fall through a shaft!
   348 | D:1      | Reached XP level 2. HP: 14/15 MP: 2/8
   402 | D:1      | Learned a level 2 spell: Searing Ray
   490 | D:1      | Reached skill level 5 in Conjurations
  1064 | D:2      | Reached XP level 3. HP: 19/19 MP: 6/9
  1104 | D:2      | Learned a level 3 spell: Dazzling Spray
  1751 | D:2      | Reached XP level 4. HP: 24/24 MP: 11/11
  1774 | D:2      | Learned a level 4 spell: Iskenderun's Mystic Blast
  1814 | D:2      | Noticed Sigmund
  1832 | D:2      | Killed from afar by Sigmund

Skill      XL: |  1  2 |
---------------+-------+-----
Conjurations   | 5 |  5.9
Dodging        | |  2.6
Stealth        | |  2.8
Spellcasting   | |  3.8

Action                   |  1- 3 |  4- 6 || total
-------------------------+-------+-------++-------
Melee: Dagger            |     2 |       ||     2
 Cast: Magic Dart        |    25 |     4 ||    29
       Searing Ray       |    14 |     1 ||    15
       Dazzling Spray    |       |     4 ||     4
       Iskenderun's Myst |       |     2 ||     2
  Use: Scroll            |     3 |       ||     3
  Eat: Chunk             |     3 |       ||     3
Armor: Robe              |     5 |     1 ||     6
Dodge: Dodged            |    10 |     5 ||    15
